NCAA
TEXAS TECH RED RAIDERS @ UCLA BRUINS
05/11/2025
 
TOP OF THE 1ST
Texas Tech Red Raiders batting - Pitching for UCLA Bruins : RHP Bo Wagner
Pitching: RHP Bo Wagner
Batting: RHB Casey Fox 0-0: Ball
1-0: Foul Ball, location: 2F
1-1: Ball
2-1: Ball
3-1: Base on Balls
Batting: RHB Greg Hansen 0-0: Ball
1-0: Ball
2-0: Ball
3-0: Called Strike
3-1: SINGLE (Groundball, 6)
Casey Fox to second
Batting: RHB Donovan James 0-0: Called Strike
0-1: Ball
Wild Pitch!
Casey Fox to third
Greg Hansen to second
1-1: Swinging Strike
1-2: Strikes out swinging
Batting: SHB Mike Miller 0-0: Ball
1-0: Called Strike
1-1: Foul Ball, location: 2F
1-2: Ball
2-2: Ball
3-2: Strikes out swinging
Batting: RHB Jorge Calderón 0-0: Swinging Strike
0-1: Ball
1-1: Foul Ball, location: 2F
1-2: Strikes out swinging
Top of the 1st over - 0 run(s), 1 hit(s), 0 error(s), 2 left on base; Texas Tech 0 - UCLA 0
BOTTOM OF THE 1ST
UCLA Bruins batting - Pitching for Texas Tech Red Raiders : LHP Bryan Richardson
Pitching: LHP Bryan Richardson
Batting: RHB Dave Baker 0-0: Foul Ball, location: 2F
0-1: Ground out 4-3 (Groundball, 4)
Batting: RHB José Cisneros 0-0: Ball
1-0: Called Strike
1-1: Foul Ball, location: 2F
1-2: Fly out, F6 (Line Drive, 6M)
Batting: RHB Roberto Rodríguez 0-0: Ball
1-0: Swinging Strike
1-1: Ball
2-1: Swinging Strike
2-2: Ball
3-2: Strikes out looking
Bottom of the 1st over - 0 run(s), 0 hit(s), 0 error(s), 0 left on base; Texas Tech 0 - UCLA 0
TOP OF THE 2ND
Texas Tech Red Raiders batting - Pitching for UCLA Bruins : RHP Bo Wagner
Batting: RHB Mark Joseph 0-0: Swinging Strike
0-1: Swinging Strike
0-2: Foul Ball, location: 2F
0-2: Ball
1-2: Ball
2-2: Ball
3-2: Strikes out swinging
Batting: RHB Lúcio Sánchez 0-0: Ground out 6-3 (Groundball, 6)
Batting: LHB Jeff Barnes 0-0: Foul Ball, location: 2F
0-1: Foul Ball, location: 2F
0-2: Ball
1-2: Foul Ball, location: 2F
1-2: SINGLE (Groundball, 34D)
Batting: RHB Gary Miller 0-0: Ball
1-0: Ball
2-0: Ball
3-0: Called Strike
3-1: Base on Balls
Jeff Barnes to second
Batting: RHB Casey Fox 0-0: Foul Ball, location: 2F
0-1: Ball
1-1: Ball
2-1: Called Strike
2-2: Foul Ball, location: 2F
2-2: Ball
3-2: Base on Balls
Jeff Barnes to third
Gary Miller to second
Batting: RHB Greg Hansen 0-0: Foul Ball, location: 2F
0-1: Called Strike
0-2: Ground out 4-3 (Groundball, 4)
Top of the 2nd over - 0 run(s), 1 hit(s), 0 error(s), 3 left on base; Texas Tech 0 - UCLA 0
BOTTOM OF THE 2ND
UCLA Bruins batting - Pitching for Texas Tech Red Raiders : LHP Bryan Richardson
Batting: RHB Will Walker 0-0: Called Strike
0-1: Ball
1-1: Ball
2-1: DOUBLE (Line Drive, 89M)
Batting: LHB Simon Collins 0-0: Ball
1-0: Ground out 4-3 (Groundball, 34)
Will Walker to third
Batting: LHB Ernie Russell 0-0: Called Strike
0-1: Called Strike
0-2: Ball
1-2: Ball
2-2: Ball
3-2: SINGLE (Flyball, 8RS)
Will Walker scores
Batting: LHB Tim Griffith 0-0: Grounds into double play, 4-6-3 (Groundball, 4)
Bottom of the 2nd over - 1 run(s), 2 hit(s), 0 error(s), 0 left on base; Texas Tech 0 - UCLA 1
TOP OF THE 3RD
Texas Tech Red Raiders batting - Pitching for UCLA Bruins : RHP Bo Wagner
Batting: RHB Donovan James 0-0: Foul Ball, location: 2F
0-1: Foul Ball, location: 2F
0-2: Ball
1-2: Foul Ball, location: 2F
1-2: Hit by Pitch
Batting: SHB Mike Miller 0-0: Ball
1-0: Grounds into double play, 4-6-3 (Groundball, 4)
Batting: RHB Jorge Calderón 0-0: Fly out, F7 (Line Drive, 7LM)
Top of the 3rd over - 0 run(s), 0 hit(s), 0 error(s), 0 left on base; Texas Tech 0 - UCLA 1
BOTTOM OF THE 3RD
UCLA Bruins batting - Pitching for Texas Tech Red Raiders : LHP Bryan Richardson
Batting: RHB Kevin Weaver 0-0: SINGLE (Line Drive, 4MD)
Batting: RHB Bob Weaver 0-0: Ball
1-0: Ball
2-0: Foul Ball, location: 2F
2-1: Ball
3-1: Base on Balls
Kevin Weaver to second
Batting: RHB Dave Baker 0-0: Called Strike
0-1: Foul Ball, location: 2F
0-2: Ball
1-2: Ball
2-2: Fly out, F1 (Popup, 13)
Batting: RHB José Cisneros 0-0: Ball
1-0: Ball
2-0: Fielders Choice at 2nd, 6-4 (Groundball, 6M)
Kevin Weaver to third
Batting: RHB Roberto Rodríguez Balk!
Kevin Weaver scores
José Cisneros to second
Balk!
José Cisneros to third
0-0: Ball
1-0: Ball
2-0: Ball
3-0: Called Strike
3-1: Ground out 1-3 (Groundball, 23)
Bottom of the 3rd over - 1 run(s), 1 hit(s), 0 error(s), 1 left on base; Texas Tech 0 - UCLA 2
TOP OF THE 4TH
Texas Tech Red Raiders batting - Pitching for UCLA Bruins : RHP Bo Wagner
Batting: RHB Mark Joseph 0-0: Ball
1-0: Swinging Strike
1-1: Ball
2-1: Foul Ball, location: 2F
2-2: Ball
3-2: Foul Ball, location: 2F
3-2: Ground out 5-3 (Groundball, 56S)
Batting: RHB Lúcio Sánchez 0-0: Ball
1-0: Fly out, F9 (Flyball, 9LMF)
Batting: LHB Jeff Barnes 0-0: Ball
1-0: Ball
2-0: Ball
3-0: Called Strike
3-1: Base on Balls
Batting: RHB Gary Miller 0-0: Ball
1-0: Swinging Strike
1-1: Ball
2-1: Swinging Strike
2-2: Strikes out swinging
Top of the 4th over - 0 run(s), 0 hit(s), 0 error(s), 1 left on base; Texas Tech 0 - UCLA 2
BOTTOM OF THE 4TH
UCLA Bruins batting - Pitching for Texas Tech Red Raiders : LHP Bryan Richardson
Batting: RHB Will Walker 0-0: Called Strike
0-1: Ball
1-1: Ball
2-1: Ball
3-1: Swinging Strike
3-2: Strikes out swinging
Batting: LHB Simon Collins 0-0: Called Strike
0-1: Fly out, F9 (Line Drive, 89S)
Batting: LHB Ernie Russell 0-0: Swinging Strike
0-1: Swinging Strike
0-2: Ball
1-2: Ball
2-2: Strikes out swinging
Bottom of the 4th over - 0 run(s), 0 hit(s), 0 error(s), 0 left on base; Texas Tech 0 - UCLA 2
TOP OF THE 5TH
Texas Tech Red Raiders batting - Pitching for UCLA Bruins : RHP Bo Wagner
Batting: RHB Casey Fox 0-0: Ball
1-0: Called Strike
1-1: SINGLE (Line Drive, 4MD)
Pitching: RHP Clarence Wood
Batting: RHB Greg Hansen 0-0: Grounds into double play, 6-4-3 (Groundball, 6M)
Batting: RHB Donovan James 0-0: Called Strike
0-1: Ball
1-1: Foul Ball, location: 2F
1-2: Strikes out swinging
Top of the 5th over - 0 run(s), 1 hit(s), 0 error(s), 0 left on base; Texas Tech 0 - UCLA 2
BOTTOM OF THE 5TH
UCLA Bruins batting - Pitching for Texas Tech Red Raiders : LHP Bryan Richardson
Batting: LHB Tim Griffith 0-0: Foul Ball, location: 2F
0-1: Ball
1-1: Foul Ball, location: 2F
1-2: Strikes out swinging
Batting: RHB Kevin Weaver 0-0: Swinging Strike
0-1: Foul Ball, location: 2F
0-2: Ball
1-2: Foul Ball, location: 2F
1-2: Strikes out swinging
Batting: RHB Bob Weaver 0-0: Foul Ball, location: 2F
0-1: Foul Ball, location: 2F
0-2: Ground out 5-3 (Groundball, 56S)
Bottom of the 5th over - 0 run(s), 0 hit(s), 0 error(s), 0 left on base; Texas Tech 0 - UCLA 2
TOP OF THE 6TH
Texas Tech Red Raiders batting - Pitching for UCLA Bruins : RHP Clarence Wood
Batting: SHB Mike Miller 0-0: Ball
1-0: Ball
2-0: Ball
3-0: Base on Balls
Batting: RHB Jorge Calderón 0-0: Foul Ball, location: 2F
0-1: Ball
1-1: Foul Ball, location: 2F
1-2: Fly out, F8 (Flyball, 8LM)
Batting: RHB Mark Joseph 0-0: Ball
1-0: Ball
2-0: Fly out, F7 (Line Drive, 7S)
Batting: RHB Lúcio Sánchez 0-0: Called Strike
0-1: Foul Ball, location: 2F
0-2: Ball
1-2: Ground out 1-3 (Groundball, 15)
Top of the 6th over - 0 run(s), 0 hit(s), 0 error(s), 1 left on base; Texas Tech 0 - UCLA 2
BOTTOM OF THE 6TH
UCLA Bruins batting - Pitching for Texas Tech Red Raiders : LHP Bryan Richardson
Batting: RHB Dave Baker 0-0: Foul Ball, location: 2F
0-1: Swinging Strike
0-2: Ball
1-2: Strikes out swinging
Batting: RHB José Cisneros 0-0: Ball
1-0: Foul Ball, location: 2F
1-1: Ball
2-1: SINGLE (Groundball, 4M)
Batting: RHB Roberto Rodríguez 0-0: Ball
Wild Pitch!
José Cisneros to second
1-0: Foul Ball, location: 2F
1-1: Called Strike
1-2: Foul Ball, location: 2F
1-2: Ground out 6-3 (Groundball, 6)
Pitching: RHP Ramón Árias
Batting: RHB Will Walker 0-0: Swinging Strike
0-1: SINGLE (Line Drive, 4MD)
José Cisneros to third
Batting: LHB Simon Collins 0-0: Ball
1-0: Ball
2-0: Ball
3-0: Base on Balls
Will Walker to second
Batting: LHB Ernie Russell 0-0: Ball
1-0: Foul Ball, location: 2F
1-1: Ball
2-1: Ball
3-1: Fly out, F7 (Flyball, 7LD)
Bottom of the 6th over - 0 run(s), 2 hit(s), 0 error(s), 3 left on base; Texas Tech 0 - UCLA 2
TOP OF THE 7TH
Texas Tech Red Raiders batting - Pitching for UCLA Bruins : RHP Clarence Wood
Pitching: RHP Nick Hood
Batting: LHB Jeff Barnes 0-0: Called Strike
0-1: Ball
1-1: Ball
2-1: Fly out, F9 (Flyball, 89M)
Batting: RHB Gary Miller 0-0: Ball
1-0: Ball
2-0: Fly out, F2 (Popup, 2RF)
Batting: RHB Casey Fox 0-0: SINGLE (Groundball, 6)
Batting: RHB Greg Hansen 0-0: Ball
1-0: Ball
2-0: Foul Ball, location: 2F
2-1: Foul Ball, location: 2F
2-2: Ball
3-2: 2-RUN HOME RUN (Flyball, 7D), Distance : 367 ft
Batting: RHB Donovan James 0-0: Ground out 6-3 (Groundball, 6)
Top of the 7th over - 2 run(s), 2 hit(s), 0 error(s), 0 left on base; Texas Tech 2 - UCLA 2
BOTTOM OF THE 7TH
UCLA Bruins batting - Pitching for Texas Tech Red Raiders : RHP Ramón Árias
Batting: LHB Tim Griffith 0-0: Ball
1-0: Called Strike
1-1: Ground out U3 (Groundball, 3L)
Batting: RHB Kevin Weaver 0-0: Ground out 5-3 (Groundball, 5)
Batting: RHB Bob Weaver 0-0: Ball
1-0: Called Strike
1-1: Swinging Strike
1-2: Strikes out swinging
Bottom of the 7th over - 0 run(s), 0 hit(s), 0 error(s), 0 left on base; Texas Tech 2 - UCLA 2
TOP OF THE 8TH
Texas Tech Red Raiders batting - Pitching for UCLA Bruins : RHP Nick Hood
Pinch Hitting: RHB Travis Ezell 0-0: Swinging Strike
0-1: Fly out, F7 (Line Drive, 7M)
Batting: RHB Jorge Calderón 0-0: Swinging Strike
0-1: Ball
1-1: Ball
2-1: Ball
3-1: Base on Balls
Batting: RHB Mark Joseph 0-0: Swinging Strike
0-1: Foul Ball, location: 2F
0-2: Foul Ball, location: 2F
0-2: Ball
1-2: Strikes out swinging
Batting: RHB Lúcio Sánchez 0-0: Ball
1-0: Swinging Strike
1-1: Swinging Strike
1-2: Strikes out swinging
Top of the 8th over - 0 run(s), 0 hit(s), 0 error(s), 1 left on base; Texas Tech 2 - UCLA 2
BOTTOM OF THE 8TH
UCLA Bruins batting - Pitching for Texas Tech Red Raiders : RHP Ramón Árias
Now at SS: Travis Ezell
Batting: RHB Dave Baker 0-0: Ball
1-0: SINGLE (Line Drive, 6D)
Batting: RHB José Cisneros 0-0: Ball
1-0: Ball
2-0: Called Strike
2-1: SINGLE (Line Drive, 78M)
Dave Baker to second
Batting: RHB Roberto Rodríguez 0-0: Ball
1-0: Ball
2-0: Fly out, F9 (Line Drive, 9M)
Batting: RHB Will Walker 0-0: Ball
1-0: Fly out, F6 (Popup, 6S)
Batting: LHB Simon Collins 0-0: Foul Ball, location: 2F
0-1: Ground out 3-1 (Groundball, 34S)
Bottom of the 8th over - 0 run(s), 2 hit(s), 0 error(s), 2 left on base; Texas Tech 2 - UCLA 2
TOP OF THE 9TH
Texas Tech Red Raiders batting - Pitching for UCLA Bruins : RHP Nick Hood
Pitching: RHP Brenton Jennings
Batting: LHB Jeff Barnes 0-0: Called Strike
0-1: TRIPLE (Flyball, 8RXD)
Batting: RHB Gary Miller 0-0: Ball
1-0: Swinging Strike
1-1: Ball
2-1: Fly out, F8 (Flyball, 89M)
Runner from 3rd tags up, SCORES, throw made
Batting: RHB Casey Fox 0-0: Swinging Strike
0-1: Ground out 2-3 (Groundball, 25)
Batting: RHB Greg Hansen 0-0: SINGLE (Line Drive, 9S)
Batting: RHB Donovan James 0-0: Called Strike
0-1: Ball
1-1: Called Strike
1-2: Fly out, F6 (Popup, 56)
Top of the 9th over - 1 run(s), 2 hit(s), 0 error(s), 1 left on base; Texas Tech 3 - UCLA 2
BOTTOM OF THE 9TH
UCLA Bruins batting - Pitching for Texas Tech Red Raiders : RHP Ramón Árias
Pitching: RHP Ken Slaugh
Batting: LHB Ernie Russell 0-0: Ball
1-0: Fly out, F8 (Flyball, 8LM)
Batting: LHB Tim Griffith 0-0: Called Strike
0-1: SOLO HOME RUN (Flyball, 9D), Distance : 354 ft
Batting: RHB Kevin Weaver 0-0: Fly out, F3 (Popup, 23)
Pinch Hitting: RHB Kevin Cochrane 0-0: Called Strike
0-1: Swinging Strike
0-2: Ball
1-2: Foul Ball, location: 2F
1-2: Foul Ball, location: 2F
1-2: Foul Ball, location: 2F
1-2: Ball
2-2: Strikes out swinging
Bottom of the 9th over - 1 run(s), 1 hit(s), 0 error(s), 0 left on base; Texas Tech 3 - UCLA 3
TOP OF THE 10TH
Texas Tech Red Raiders batting - Pitching for UCLA Bruins : RHP Brenton Jennings
Now at C: Kevin Cochrane
Batting: RHB Travis Ezell 0-0: Ball
1-0: Ball
2-0: Ball
3-0: Called Strike
3-1: Base on Balls
Batting: RHB Jorge Calderón 0-0: Ball
1-0: Ball
2-0: Ball
3-0: Called Strike
3-1: Base on Balls
Travis Ezell to second
Batting: RHB Mark Joseph 0-0: Reached on error, E2 (Groundball, 2L)
Travis Ezell scores
Jorge Calderón to third
Batting: RHB Lúcio Sánchez 0-0: Ball
1-0: Called Strike
1-1: Fly out, F7 (Flyball, 78M)
Runner from 3rd tags up, SCORES, no throw
Batting: LHB Jeff Barnes 0-0: Intentional Walk
Pitching: RHP Everett Stewart
Batting: RHB Gary Miller 0-0: Ball
Mark Joseph steals 3rd base
Jeff Barnes to second
1-0: Called Strike
1-1: Ball
2-1: Foul Ball, location: 2F
2-2: Foul Ball, location: 2F
2-2: DOUBLE (Line Drive, 5D)
Mark Joseph scores
Jeff Barnes scores
Batting: RHB Casey Fox 0-0: Intentional Walk
Batting: RHB Greg Hansen 0-0: Swinging Strike
0-1: Foul Ball, location: 2F
0-2: Foul Ball, location: 2F
0-2: Ball
1-2: Strikes out swinging
Batting: RHB Donovan James 0-0: Foul Ball, location: 2F
0-1: Ball
1-1: Ball
2-1: Swinging Strike
2-2: Foul Ball, location: 2F
2-2: Strikes out swinging
Top of the 10th over - 4 run(s), 1 hit(s), 1 error(s), 2 left on base; Texas Tech 7 - UCLA 3
BOTTOM OF THE 10TH
UCLA Bruins batting - Pitching for Texas Tech Red Raiders : RHP Ken Slaugh
Batting: RHB Dave Baker 0-0: Called Strike
0-1: Fly out, F9 (Line Drive, 9M)
Batting: RHB José Cisneros 0-0: Called Strike
0-1: Ball
1-1: Called Strike
1-2: Strikes out looking
Batting: RHB Roberto Rodríguez 0-0: Called Strike
0-1: Ball
1-1: Swinging Strike
1-2: SINGLE (Line Drive, 6D)
Batting: RHB Will Walker 0-0: Called Strike
0-1: Ball
1-1: Ball
2-1: Fielders Choice at 2nd, 5-4 (Groundball, 5)
Bottom of the 10th over - 0 run(s), 1 hit(s), 0 error(s), 0 left on base; Texas Tech 7 - UCLA 3
This league is powered by Out of the Park Baseball, the baseball management simulation game for PC, Mac and Linux
Tuesday, August 2nd, 2016 - OOTP Baseball 16.8 Build 38